 Dungeon Crawl Stone Soup version 0.30-a0-1082-g70414cbcbb (webtiles) character file.

Game seed: 12385972535922245902

28341 Zdeegee the Thaumaturge (level 13, -2/96 HPs)
             Began as a Human Ice Elementalist on Apr 15, 2023.
             Was a Priest of Vehumet.
             Slain by a catoblepas (16 damage)
             ... on level 2 of the Lair of Beasts on Apr 16, 2023.
             The game lasted 00:50:00 (21575 turns).

Zdeegee the Thaumaturge (Human Ice Elementalist)   Turns: 21575, Time: 00:50:00

Health: -2/96      AC: 16    Str: 10    XL:     13   Next: 72%
Magic:  16/28      EV:  8    Int: 19    God:    Vehumet [***...]
Gold:   107        SH:  5    Dex: 14    Spells: 15/34 levels left

rFire   . . .      SeeInvis .    a - staff of cold
rCold   + . .      Faith    .    (no shield)
rNeg    . . .      Spirit   .    x - +0 steam dragon scales
rPois   .          Reflect  +    (no helmet)
rElec   .          Rampage  .    (no cloak)
rCorr   .                        L - +2 pair of gloves {infuse}
Will    .....                    A - +1 pair of boots {Fly}
Stlth   +++                      y - amulet of reflection
HPRegen 0.36/turn                k - ring of wizardry
MPRegen 0.21/turn                Q - +4 ring of protection

@: about to teleport, petrifying, flying, very slow
A: no striking features
a: Renounce Religion


You were on level 2 of the Lair of Beasts.
You worshipped Vehumet.
Vehumet was most pleased with you.
You visited 4 branches of the dungeon, and saw 16 of its levels.

You collected 1392 gold pieces.
You spent 1285 gold pieces at shops.

Inventory:

Hand Weapons
 b - a +4 spectral short sword
 d - a +0 whip
 s - a +1 mace of protection
Armour
 u - a +3 leather armour
 x - +0 steam dragon scales (worn)
 A - a +1 pair of boots of flying (worn)
 F - a +1 robe of cold resistance
 J - the +6 scale mail of Gorealez {Regen+ MP-9 Int+4 Dex+3}
   (You bought it in a shop on level 2 of the Orcish Mines)

   Int:       It affects your intelligence (+4).
   Dex:       It affects your dexterity (+3).
   MP:        It affects your magic capacity (-9).
   Regen:     It increases your rate of health regeneration.
 L - a +2 pair of gloves of infusion (worn)
 P - the +0 scale mail of a wizard's laboratory {rElec rC+ rN+++ Int-4}
   (You found it on level 10 of the Dungeon)

   Int:       It affects your intelligence (-4).
   rC:        It protects you from cold.
   rElec:     It insulates you from electricity.
   rN:        It renders you almost immune to negative energy.
 V - a +0 buckler
Magical Staves
 a - a staff of cold (weapon)
Jewellery
 h - a ring of fire
 k - a ring of wizardry (left hand)
 w - an amulet of the acrobat
 y - an amulet of reflection (around neck)
 I - a ring of flight
 Q - a +4 ring of protection (right hand)
 T - a ring of protection from fire
Wands
 z - a wand of quicksilver (8)
 K - a wand of roots (8)
 S - a wand of polymorph (10)
 U - a wand of flame (5)
 W - a wand of paralysis (7)
Scrolls
 c - 5 scrolls of amnesia {unknown}
 f - 5 scrolls of teleportation
 g - 4 scrolls of noise
 i - a scroll of enchant armour
 l - 4 scrolls of enchant weapon
 o - a scroll of acquirement {unknown}
 p - 4 scrolls of fog {unknown}
 q - 2 scrolls of poison
 v - 2 scrolls of magic mapping {unknown}
 B - a scroll of torment {unknown}
 C - 2 scrolls of identify
 D - 4 scrolls of blinking
 G - a scroll of vulnerability {unknown}
 H - 2 scrolls of silence {unknown}
 M - a scroll of butterflies {unknown}
 R - a scroll of brand weapon
 X - a scroll of fear {unknown}
Potions
 e - 3 potions of haste
 j - 3 potions of cancellation
 m - a potion of invisibility
 n - 2 potions of heal wounds
 r - a potion of attraction
 t - 4 potions of magic
 E - 2 potions of mutation {unknown}
 N - 3 potions of brilliance {unknown}
 O - a potion of resistance {unknown}


   Skills:
 * Level 7.1 Fighting
 + Level 3.3 Short Blades
 + Level 0.2 Maces & Flails
 * Level 6.5 Armour
 * Level 8.9 Dodging
 + Level 4.1 Stealth
 * Level 2.8 Shields
 * Level 11.3 Spellcasting
 * Level 6.9 Conjurations
 + Level 0.1 Summonings
 + Level 8.8 Ice Magic
 * Level 7.1 Air Magic
 + Level 0.5 Evocations


You had 15 spell levels left.
You knew the following spells:

 Your Spells              Type           Power      Damage    Failure   Level
a - Freeze                Ice            100%       1d10      1%          1
b - Frozen Ramparts       Ice            100%       1d16      1%          3
c - Ozocubu's Armour      Ice            61%        N/A       1%          3
d - Summon Ice Beast      Ice/Summ       41%        N/A       4%          4
e - Hailstorm             Conj/Ice       57%        3d12      1%          3
f - Metabolic Englaciati  Hex/Ice        20%        N/A       12%         5

Your spell library contained the following spells:

 Spells                   Type           Power      Damage    Failure   Level
 Mephitic Cloud           Conj/Pois/Air  28%        N/A       1%          3
 Beastly Appendage        Tmut           20%        N/A       2%          1
 Wereblood                Tmut           10%        N/A       4%          2
 Ice Form                 Ice/Tmut       41%        N/A       4%          4
 Spider Form              Tmut/Pois      10%        N/A       8%          3
 Simulacrum               Ice/Necr       20%        N/A       52%         6


Dungeon Overview and Level Annotations

Branches:
Dungeon (11/15)            Temple (1/1) D:6            Lair (2/5) D:11
    Orc (2/2) D:11            Elf (0/3) Orc:2
  Swamp: Lair:2-3    Shoals: Lair:2-3     Snake: Lair:2-3    Spider: Lair:2-3

Altars:
Ashenzari
Cheibriados
Dithmenos
Elyvilon
Fedhas
Gozag
Hepliaklqana
Kikubaaqudgha
Makhleb
Nemelex Xobeh
Okawaru
Qazlal
Ru
Sif Muna
Trog
Uskayaw
Vehumet
Wu Jian
Xom
Yredelemnul
Zin
The Shining One

Shops:
D:3 :   D:4 *   D:9 ?!   D:11 *   Orc:2 [[(?!

Annotations:
Lair:2 Gastronok


Message History

The catoblepas gores you but does no damage.
Casting: Freeze (safe; 1% risk of failure)
Confirm with . or Enter, or press ? or * to list all spells.
Aiming: Freeze (safe; 1% risk of failure)
Press: ? - help, Shift-Dir - straight line, f/p - catoblepas
Aim: a catoblepas (severely wounded)
You feel a surge of power!
You freeze the catoblepas!
The catoblepas is almost dead.
The catoblepas misses you.
Casting: Freeze (safe; 1% risk of failure)
Confirm with . or Enter, or press ? or * to list all spells.
Aiming: Freeze (safe; 1% risk of failure)
Press: ? - help, Shift-Dir - straight line, f/p - catoblepas
Aim: a catoblepas (almost dead)
You feel a surge of power!
You freeze the catoblepas.
The catoblepas is almost dead.
The catoblepas gores you!
* * * LOW HITPOINT WARNING * * *
Casting: Freeze (safe; 1% risk of failure)
Confirm with . or Enter, or press ? or * to list all spells.
Aiming: Freeze (safe; 1% risk of failure)
Press: ? - help, Shift-Dir - straight line, f/p - catoblepas
Aim: a catoblepas (almost dead)
You feel a surge of power!
You freeze the catoblepas.
The catoblepas is almost dead.
The catoblepas closely misses you.
The catoblepas breathes a plume of calcifying dust at you.
The blast of calcifying dust hits you but does no damage.
The catoblepas breathes a plume of calcifying dust at you.
The blast of calcifying dust hits you but does no damage.
As you read the scroll of teleportation, it crumbles to dust.
You feel strangely unstable.
You are engulfed in calcifying dust.
You are slowing down.
The catoblepas gores you!
* * * LOW HITPOINT WARNING * * *
Unknown command.
Unknown command.
The catoblepas attacks as you move away!
The catoblepas gores you!!
You die...

#####.<....#.##
######.## ##..#
##..P# # #...##
.#P ##..P# ....
#§### .....
##§##
......#.§@#
........Y##
..........#
.|....P....#
....>#..#.##
.....##w###
...P #.. ####
#.P ...


You could see Gastronok and a catoblepas.

Vanquished Creatures
  2 two-headed ogres
  2 death yaks (Lair:1)
  An orc high priest (Orc:2)
  5 orc knights (Orc:2)
  A mana viper (D:11)
  2 manticores (D:11)
  A cyclops (D:11)
  3 black mambas (Lair:1)
  A torpor snail (Lair:1)
  Joseph (D:10)
  2 cane toads (Lair:1)
  A nameless horror (D:7)
  An unseen horror (D:11)
  3 komodo dragons (Lair:1)
  A rime drake (D:11)
  A troll (D:11)
  A hornet (D:8)
  A polar bear (Lair:1)
  5 blink frogs (Lair:1)
  A shadow (D:11)
  A wraith (D:10)
  22 yaks
  A wyvern (D:8)
  Grum (Lair:1)
  A steam dragon (D:8)
  7 vampire mosquitoes
  12 wargs
  An acid dragon (D:11)
  6 water moccasins
  A black bear (D:4)
  38 orc warriors
  6 ice beasts
  13 wolves
  11 ogres
  2 centaurs
  A phantom (D:4)
  A kobold brigand (D:7)
  4 bullfrogs
  A gnoll sergeant (D:9)
  A scorpion (D:6)
  17 wights
  23 killer bees
  4 howler monkeys
  2 jellies
  4 hounds
  5 orc priests
  A gnoll bouda (D:9)
  2 iguanas
  Terence (D:2)
  12 orc wizards
  Robin (D:3)
  4 gnolls (D:9)
  5 adders
  3 white imps
  An ufetubus (D:7)
  2 worms
  A dart slug (D:4)
  61 orcs
  4 bats
  8 endoplasms
  2 giant cockroaches
  21 goblins
  5 hobgoblins
  2 jackals (D:4)
  9 kobolds
  4 quokkas
  4 ball pythons
  8 frilled lizards
  8 rats
391 creatures vanquished.

Vanquished Creatures (collateral kills)
  An orc (Orc:2)
1 creature vanquished.

Vanquished Creatures (others)
  2 fungi (Lair:1)
  13 plants
15 creatures vanquished.

Grand Total: 407 creatures vanquished

Notes
Turn   | Place    | Note
-------+----------+-------------------------------------------
     0 | D:1      | Zdeegee the Human Ice Elementalist began the quest for the
                  | Orb.
     0 | D:1      | Reached XP level 1. HP: 13/13 MP: 3/3
    49 | D:1      | Found a faded altar of an unknown god.
   232 | D:1      | Reached XP level 2. HP: 19/19 MP: 3/5
  1220 | D:2      | Reached XP level 3. HP: 23/24 MP: 3/6
  1224 | D:2      | Learned a level 3 spell: Frozen Ramparts
  1333 | D:2      | Found a sparkling altar of Nemelex Xobeh.
  1526 | D:2      | Reached XP level 4. HP: 31/31 MP: 5/7
  1530 | D:2      | Learned a level 3 spell: Ozocubu's Armour
  1891 | D:3      | Noticed Terence
  1901 | D:2      | Killed Terence
  1902 | D:2      | Reached skill level 1 in Armour
  2151 | D:3      | Reached skill level 1 in Conjurations
  2153 | D:3      | Noticed Robin
  2160 | D:3      | Killed Robin
  2161 | D:3      | Reached XP level 5. HP: 16/36 MP: 1/9
  2177 | D:3      | Reached skill level 1 in Fighting
  2203 | D:3      | Reached skill level 1 in Air Magic
  2465 | D:3      | Found Hyetiul's Book Boutique.
  3084 | D:4      | Reached skill level 3 in Spellcasting
  3084 | D:4      | Reached XP level 6. HP: 39/43 MP: 5/10
  3160 | D:4      | Noticed a black bear
  3167 | D:4      | Killed a black bear
  3346 | D:4      | Reached XP level 7. HP: 37/48 MP: 3/12
  3350 | D:4      | Reached skill level 5 in Ice Magic
  3634 | D:4      | Learned a level 4 spell: Summon Ice Beast
  4123 | D:4      | Found Iwyl's Assorted Antiques.
  4136 | D:4      | Bought a scroll labelled ZUGOZU SUOMMU for 25 gold pieces
  4136 | D:4      | Bought a clear potion for 22 gold pieces
  4173 | D:5      | Entered Level 5 of the Dungeon
  4440 | D:5      | Reached skill level 4 in Spellcasting
  4608 | D:5      | Found a shimmering altar of Xom.
  4824 | D:5      | You fall into a shaft and drop 2 floors!
  5066 | D:5      | Reached XP level 8. HP: 54/56 MP: 8/14
  5800 | D:6      | Reached skill level 5 in Spellcasting
  6108 | D:6      | Found a staircase to the Ecumenical Temple.
  6299 | D:7      | Noticed a nameless horror
  6312 | D:7      | Killed a nameless horror
  6829 | D:7      | Reached XP level 9. HP: 54/63 MP: 9/17
  6930 | D:7      | Reached skill level 1 in Short Blades
  7703 | D:7      | Reached skill level 5 in Dodging
  8024 | D:8      | Noticed a hornet
  8030 | D:8      | Killed a hornet
  8031 | D:8      | Reached skill level 6 in Spellcasting
  8757 | D:8      | Reached skill level 1 in Shields
  8757 | D:8      | Reached XP level 10. HP: 69/71 MP: 8/19
  8985 | D:8      | Found a sparkling altar of Nemelex Xobeh.
  9554 | D:8      | Learned a level 3 spell: Hailstorm
  9582 | D:9      | Found Xuyrphy's Magic Scroll Shoppe.
  9772 | D:9      | Reached skill level 7 in Spellcasting
  9892 | D:9      | Bought a scroll of brand weapon for 104 gold pieces
 10174 | D:9      | Found Dutha's Distillery.
 10595 | D:9      | Bought a potion of curing for 39 gold pieces
 10595 | D:9      | Bought a potion of heal wounds for 65 gold pieces
 10595 | D:9      | Bought a potion of heal wounds for 65 gold pieces
 10804 | D:9      | Reached skill level 8 in Spellcasting
 10804 | D:9      | Reached XP level 11. HP: 53/78 MP: 15/23
 10809 | D:9      | Reached skill level 5 in Conjurations
 11067 | D:9      | Learned a level 5 spell: Metabolic Englaciation
 11150 | D:10     | Entered Level 10 of the Dungeon
 11177 | D:10     | Reached skill level 5 in Fighting
 11274 | D:10     | Noticed Joseph
 11283 | D:10     | Killed Joseph
 11456 | D:10     | Identified the +0 scale mail of a wizard's laboratory
                  | {rElec rC+ rN+++ Int-4}
 11642 | D:10     | Noticed a two-headed ogre
 11650 | D:10     | Killed a two-headed ogre
 11651 | D:10     | Reached skill level 5 in Air Magic
 12337 | Temple   | Entered the Ecumenical Temple
 12688 | Temple   | Became a worshipper of Vehumet
 13017 | D:11     | Found Gicyceq's General Store.
 13022 | D:11     | Noticed a boulder beetle
 13089 | D:11     | Noticed a manticore
 13240 | D:11     | Noticed a cyclops
 13244 | D:11     | Found a staircase to the Lair.
 13248 | D:11     | Noticed a manticore
 14030 | D:11     | a boulder beetle changed into a mana viper
 14030 | D:11     | Noticed a mana viper
 14042 | D:11     | Killed a mana viper
 14186 | D:11     | Killed a manticore
 14187 | D:11     | Reached skill level 5 in Armour
 14208 | D:11     | Noticed a boulder beetle
 14370 | D:11     | Killed a manticore
 14371 | D:11     | Reached XP level 12. HP: 49/87 MP: 18/24
 14899 | D:11     | Found a staircase to the Orcish Mines.
 14921 | D:11     | Reached skill level 9 in Spellcasting
 15129 | D:11     | HP: 4/87 [something (6)]
 15600 | Orc:1    | Entered Level 1 of the Orcish Mines
 15916 | Orc:1    | Reached * piety under Vehumet
 15916 | Orc:1    | Offered knowledge of Kiss of Death by Vehumet.
 16279 | Orc:2    | Entered Level 2 of the Orcish Mines
 16279 | Orc:2    | Found Agyeb's Antique Armour Boutique.
 16759 | Orc:2    | Found a staircase to the Elven Halls.
 17272 | Orc:2    | Offered knowledge of Momentum Strike by Vehumet.
 17382 | Orc:2    | Reached ** piety under Vehumet
 17557 | Orc:2    | Noticed an orc high priest
 17740 | Orc:2    | Killed an orc high priest
 18121 | Orc:2    | Offered knowledge of Dazzling Flash by Vehumet.
 18128 | Orc:2    | Reached skill level 10 in Spellcasting
 18196 | Orc:2    | HP: 4/89 [orc knight/+0 battleaxe (8)]
 18456 | Orc:2    | Reached XP level 13. HP: 90/94 MP: 15/27
 18692 | Orc:2    | Reached *** piety under Vehumet
 19327 | Orc:2    | Found Lidgheta's Distillery.
 19327 | Orc:2    | Found Fenumn's Magic Scroll Shoppe.
 19332 | Orc:2    | Bought 2 potions of heal wounds for 140 gold pieces
 19341 | Orc:2    | Bought a scroll of blinking for 82 gold pieces
 19341 | Orc:2    | Bought a scroll of teleportation for 33 gold pieces
 19456 | Orc:2    | Found Akimul's Antique Weapon Boutique.
 19456 | Orc:2    | Found Ceannen's Antique Armour Shoppe.
 19624 | Orc:2    | Bought a pair of runed boots for 180 gold pieces
 19624 | Orc:2    | Bought a distressingly furry scale mail for 216 gold pieces
 19624 | Orc:2    | Identified the +6 scale mail of Gorealez {Regen+ MP-9 Int+4
                  | Dex+3} (You bought it in a shop on level 2 of the Orcish
                  | Mines)
 19775 | Orc:2    | Bought a pair of glowing gloves for 210 gold pieces
 19848 | D:9      | Bought a potion of invisibility for 104 gold pieces
 19891 | Lair:1   | Entered Level 1 of the Lair of Beasts
 20364 | Lair:1   | Noticed Grum
 20375 | Lair:1   | Killed Grum
 20517 | Lair:1   | Offered knowledge of Mephitic Cloud by Vehumet.
 20523 | Lair:1   | Reached skill level 11 in Spellcasting
 21544 | Lair:2   | Noticed a catoblepas
 21568 | Lair:2   | Noticed Gastronok
 21575 | Lair:2   | Slain by a catoblepas

Illustrated notes

Levels and vault maps discovered:
D:1:      lightli_arrival_farm, layout_basic, hellmonk_ecumenical_altar_run_dry
D:2:      layout_loops_ring, basic_altar
D:3:      minmay_general_purpose_star, layout_basic, serial_shops,
          nicolae_shop_pleasant_corner_grove, uniq_robin, uniq_terence
D:4:      layout_cave_pods, serial_shops, nicolae_shop_behind_doors,
          minmay_misc_feat_cross, minmay_cupped
D:5:      layout_gridville, amcnicky_altar_gilded
D:6:      minmay_angry_zag, layout_basic, minmay_temple_entry_enclosed_plants
D:7:      layout_basic
D:8:      layout_basic, kennysheep_mini
D:9:      layout_big_octagon, serial_shops, shop, shop, dreamdust_gnoll_shepherd
D:10:     layout_roguey, uniq_joseph
D:11:     layout_long_grid, hellmonk_lair_entry_icy, david_orc_2, serial_shops,
          shop
Temple:   mainiacjoe_temple_cubbyholes
Lair:1:   layout_chaotic_city, minivault_27, serial_bayou_crossing,
          grunt_megastairs_3, uniq_grum
Lair:2:   layout_cave_pods, skrybe_swamp_entry_bodies, spider_nest_entry_a,
          enter_volcano_2, cheibrodos_lair_lostbears, uniq_gastronok,
          uniq_maggie
Orc:1:    layout_caves, mines5_lemuel
Orc:2:    st_orc_town, layout_caves, serial_shops, shop

Skill      XL: |  1  2  3  4  5  6  7  8  9 10 11 12 13 |
---------------+----------------------------------------+-----
Armour         | 1 2 3 4 5 6 |  6.5
Conjurations   | 1 2 3 4 5 6 |  6.9
Fighting       | 1 2 3 4 5 6 7 |  7.1
Air Magic      | 1 2 3 4 5 6 7 |  7.1
Spellcasting   | 3 4 5 6 8 10 11 | 11.3
Dodging        | 3 4 5 7 8 |  8.9
Ice Magic      | 5 6 7 8 |  8.8
Short Blades   | 1 2 3 |  3.3
Shields        | 1 2 |  2.8
Stealth        | 3 4 |  4.1
Maces & Flails | |  0.2
Summonings     | |  0.1
Evocations     | |  0.5

Action                     |  1- 3 |  4- 6 |  7- 9 | 10-12 | 13-15 || total
---------------------------+-------+-------+-------+-------+-------++-------
  Melee: Dagger            |     9 |     3 |       |       |       ||    12
         Mace              |       |    14 |       |       |       ||    14
         Short sword       |       |    20 |   185 |   420 |     6 ||   631
         Punch             |       |     1 |     5 |    10 |       ||    16
         Staff             |       |       |       |    37 |    13 ||    50
   Cast: Freeze            |    35 |    53 |    88 |   193 |   158 ||   527
         Frozen Ramparts   |     1 |     7 |    31 |    57 |    13 ||   109
         Ozocubu's Armour  |       |       |    21 |    44 |    14 ||    79
         Hailstorm         |       |       |       |    18 |    16 ||    34
         Summon Ice Beast  |       |       |       |     9 |     1 ||    10
  Evoke: Wand              |       |       |     1 |    10 |       ||    11
    Use: Scroll            |     1 |     2 |     7 |     8 |     1 ||    19
         Potion            |       |       |     4 |     7 |       ||    11
   Stab: Sleeping          |     1 |     1 |     1 |       |       ||     3
         Distracted        |       |       |       |     4 |       ||     4
 Armour: Robe              |     6 |     7 |       |       |       ||    13
         Leather armour    |       |    15 |    89 |     5 |       ||   109
         Steam dragon scal |       |       |       |   222 |    67 ||   289
         Skin              |       |       |       |    49 |       ||    49
  Dodge: Dodged            |    20 |    62 |   175 |   454 |   128 ||   839
  Block: Other             |       |       |    55 |   157 |    38 ||   250
         Reflection        |       |       |     3 |     9 |     4 ||    16

Table legend: (Time is in decaauts)
 A = Elapsed time spent in this place.
 B = Non-inter-level travel time spent in this place.
 C = Inter-level travel time spent in this place.
 D = Time resting spent in this place.
 E = Time spent auto-exploring this place.
 F = Levels seen in this place.
 G = Mean time per level.
                   A        B        C        D        E       F      G
               +--------+--------+--------+--------+--------+-----+--------+
         Total |  21568 |  20720 |    848 |   3757 |  13134 |  16 | 1348.0 |
       Dungeon |  15293 |  14650 |    643 |   2663 |   9523 |  11 | 1390.3 |
        Temple |    382 |    316 |     66 |      0 |    311 |   1 |  382.0 |
          Lair |   1690 |   1670 |     20 |    265 |   1114 |   2 |  845.0 |
  Orcish Mines |   4202 |   4084 |    118 |    829 |   2186 |   2 | 2101.0 |
               +--------+--------+--------+--------+--------+-----+--------+

Top non-repeatable levels by time:
   Orc:2: 2892 daAuts
    D:11: 2335 daAuts
     D:8: 1844 daAuts
     D:7: 1680 daAuts
  Lair:1: 1647 daAuts
    D:10: 1584 daAuts
     D:9: 1456 daAuts
   Orc:1: 1309 daAuts
     D:6: 1266 daAuts
     D:3: 1109 daAuts
     D:1: 1105 daAuts
     D:4: 1096 daAuts
     D:5: 929 daAuts
     D:2: 885 daAuts
  Temple: 382 daAuts
